 Dungeon Crawl Stone Soup version 0.27.0-1-g7a089689b8 (webtiles) character file.

Game seed: 10480206960437658638

777 lnt the Changer (level 7, 0/52 HPs)
             Began as a White Draconian Transmuter on Aug 2, 2021.
             Killed from afar by Dowan (6 damage)
             ... with a shard of ice
             ... on level 4 of the Dungeon.
             The game lasted 00:27:05 (6849 turns).

lnt the Changer (White Draconian Transmuter)        Turns: 6849, Time: 00:27:05

Health: 0/52       AC:  2    Str: 13    XL:     7   Next: 54%
Magic:  7/10       EV: 19    Int: 15    God:
Gold:   3          SH:  0    Dex: 21    Spells: 1/10 levels left

rFire    . . .     SeeInvis +     - Unarmed
rCold    . . .     Faith    +   (shield currently unavailable)
rNeg     . . .     Spirit   .   (armour unavailable)
rPois    .         Reflect  .   (helmet currently unavailable)
rElec    .         Harm     .   (cloak currently unavailable)
rCorr    .         Rampage  .   (gloves currently unavailable)
Will     +....                  (boots currently unavailable)
Stlth    ++........             v - amulet "Poor" {Faith rPois Dex+5}
HPRegen  0.17/turn              n - ring of see invisible
MPRegen  0.12/turn              u - ring of willpower

@: spider-form
A: venomous fangs, (breathe frost), AC +6, tiny, unfitting armour, (cold
resistance 1), (cold-blooded)
a: End Transformation


You were on level 4 of the Dungeon.
You were a venomous arachnid creature.
You visited 1 branch of the dungeon, and saw 4 of its levels.

You collected 138 gold pieces.
You spent 135 gold pieces at shops.

Inventory:

Missiles
 a - 9 poisoned darts
 g - 132 stones (quivered)
 h - 33 sling bullets
 s - 9 boomerangs
Jewellery
 n - a ring of see invisible (left front leg)
 u - a ring of willpower (right front leg)
 v - the amulet "Poor" (around neck) {Faith rPois Dex+5}
   (You bought it in a shop on level 4 of the Dungeon)

   [amulet of faith]

   It allows you to gain divine favour quickly.
   Dex:       It affects your dexterity (+5).
   rPois:     It protects you from poison.
Wands
 r - a wand of digging (7)
Scrolls
 c - a scroll of amnesia {unknown}
 e - a scroll of teleportation {unknown}
 i - 7 scrolls of identify {unknown}
 l - a scroll of holy word {unknown}
 p - a scroll of enchant armour {unknown}
 q - 3 scrolls of blinking {unknown}
Potions
 b - 2 potions of resistance {unknown}
 d - a potion of curing
 f - 2 potions of attraction {unknown}
 j - 2 potions of degeneration {unknown}
 k - a potion of heal wounds {unknown}
 m - a potion of berserk rage {unknown}
 o - a potion of lignification {unknown}
 t - a potion of flight {unknown}


   Skills:
 - Level 1.1 Fighting
 - Level 1.7 Dodging
 - Level 4.3 Unarmed Combat
 - Level 2.0 Spellcasting
 + Level 6.0 Transmutations
 + Level 5.2 Poison Magic


You had one spell level left.
You knew the following spells:

 Your Spells              Type           Power      Damage    Failure   Level
a - Beastly Appendage     Tmut           38%        N/A       8%          1
b - Wereblood             Tmut           19%        N/A       10%         2
c - Sting                 Tmut/Pois      72%        1d6       9%          1
d - Poisonous Vapours     Pois/Air       18%        N/A       28%         2
e - Spider Form           Tmut/Pois      9%         N/A       19%         3

Your spell library contained the following spells:

 Spells                   Type           Power      Damage    Failure   Level
 Olgreb's Toxic Radiance  Pois           17%        N/A       47%         4
 Ice Form                 Ice/Tmut       10%        N/A       75%         4


Dungeon Overview and Level Annotations

Branches:
Dungeon (4/15)
 Temple: D:4-7

Altars:

Shops:
D:4 *

Annotations:
D:2 exclusion: downstairs
D:3 1 runed translucent door, Crazy Yiuf
D:4 Dowan


Innate Abilities, Weirdness & Mutations

You are a venomous arachnid creature.
You have poisonous fangs.
You are tiny and dextrous.
Your spellcasting is less reliable in this form.
Your armour is entirely melded.
You are incapable of wielding weapons or throwing items.
((You can breathe waves of freezing cold which knock back foes.))
((Your icy white scales are hard. (AC +6)))
You cannot fit into any form of body armour.
((Your flesh is cold resistant. (rC+)))
((You are cold-blooded and may be slowed by cold attacks.))


Message History

Duvessa is severely wounded.
Duvessa hits you with a +0 short sword!
Dowan says, "My weaknesses are her strengths!"
You hit Duvessa.
Duvessa is poisoned.
Duvessa is severely wounded.
Duvessa hits you with a +0 short sword.
Dowan gestures wildly while chanting.
Dowan blinks!
You hit Duvessa.
Duvessa is almost dead.
Duvessa hits you with a +0 short sword!
* * * LOW HITPOINT WARNING * * *
Dowan points at you and mumbles some strange words.
The puff of frost misses you.
The puff of frost hits Duvessa!
Duvessa dies!
Dowan screams in horror.
Dowan seems to find hidden reserves of power!
Your Transmutations skill increases to level 6!
Your Poison Magic skill increases to level 5!
Dowan barely misses you.
You hit Dowan.
Dowan is poisoned.
Dowan is lightly wounded.
Dowan hits you with a +2 dagger of venom.
* * * LOW HITPOINT WARNING * * *
You are lethally poisoned!
You feel better.
Dowan points at you and mumbles some strange words.
The shard of ice misses you. Dowan completely misses you.
You closely miss Dowan.
Dowan is lightly wounded.
Dowan is wide-eyed with horror.
Dowan hits you with a +2 dagger of venom.
* * * LOW HITPOINT WARNING * * *
You closely miss Dowan.
Dowan is lightly wounded.
Dowan hits you with a +2 dagger of venom.
* * * LOW HITPOINT WARNING * * *
Dowan gestures at you while chanting. The shard of ice hits you.
You die...

.................# #.
.................#
#.#. ...
.................#
#.#. ...
^............)...#
#.#.
.....................#
#.#.
.....................#
#.#.
#...#####..###.######
#.#. ##..........###.#
#.#. ........###.).se#
#... ###.###รท#
####### ###.
#e################# #.
#.#...............# #.
# #.#<#############.#
## #..###e...##### #.#
#.......#.....# #.#
######.(..###.# #.#
#.#### #.# #####


You could see Dowan (fast, very poisoned).

Vanquished Creatures
  Sigmund (D:3)
  A necrophage (D:4)
  A bullfrog (D:4)
  A hound (D:4)
  A bullfrog skeleton (D:4)
  An iguana (D:3)
  Ijyb (D:3)
  An orc wizard (D:3)
  Natasha (thrice) (D:3)
  Robin (D:2)
  3 gnolls
  3 adders
  4 worms
  2 dart slugs
  12 orcs
  9 ball pythons
  6 endoplasms
  2 giant cockroaches
  10 goblins
  4 hobgoblins
  7 jackals
  5 kobolds
  3 quokkas
  4 bats
  3 frilled lizards
  5 rats
94 creatures vanquished.

Vanquished Creatures (others)
  Duvessa (D:4)
  A fungus (D:3)
  14 plants (D:2)
16 creatures vanquished.

Grand Total: 110 creatures vanquished

Notes
Turn   | Place    | Note
-------+----------+-------------------------------------------
     0 | D:1      | lnt the Draconian Transmuter began the quest for the Orb.
     0 | D:1      | Reached XP level 1. HP: 16/16 MP: 3/3
    30 | D:1      | Found a faded altar of an unknown god.
   374 | D:1      | Reached XP level 2. HP: 16/23 MP: 3/5
  1052 | D:2      | Reached XP level 3. HP: 19/28 MP: 3/6
  1260 | D:2      | Reached skill level 3 in Transmutations
  1626 | D:2      | Learned a level 2 spell: Wereblood
  2348 | D:2      | Learned a level 1 spell: Sting
  2626 | D:2      | Reached XP level 4. HP: 35/35 MP: 5/7
  2733 | D:3      | Noticed Sigmund
  2766 | D:3      | Reached skill level 1 in Poison Magic
  2781 | D:3      | Learned a level 2 spell: Poisonous Vapours
  3117 | D:3      | Noticed Robin
  3125 | D:2      | Killed Robin
  3376 | D:3      | Reached XP level 5. HP: 21/40 MP: 5/8
  3619 | D:3      | Noticed Natasha
  3626 | D:3      | Noticed Ijyb
  3656 | D:3      | Killed Ijyb
  4117 | D:3      | Killed Natasha
  4118 | D:3      | Reached skill level 4 in Transmutations
  4196 | D:3      | Noticed Natasha
  4207 | D:3      | Killed Natasha
  4619 | D:3      | Reached XP level 6. HP: 47/47 MP: 7/9
  4640 | D:3      | Learned a level 3 spell: Spider Form
  4733 | D:3      | Noticed Natasha
  4738 | D:3      | Killed Natasha
  4784 | D:3      | Found a runed translucent door.
  4785 | D:3      | Noticed Crazy Yiuf
  5586 | D:4      | HP: 2/42 [wight (7)]
  5781 | D:3      | Killed Sigmund
  5782 | D:3      | Reached skill level 5 in Transmutations
  6055 | D:4      | Found Baered's Assorted Antiques.
  6061 | D:4      | Bought a vibrating iron amulet for 135 gold pieces
  6061 | D:4      | Identified the amulet "Poor" {Faith rPois Dex+5} (You
                  | bought it in a shop on level 4 of the Dungeon)
  6114 | D:4      | Your scales start taking on an icy white colour.
  6114 | D:4      | Reached XP level 7. HP: 44/52 MP: 8/10
  6114 | D:4      | Gained mutation: Your flesh is cold resistant. (rC+) [White
                  | Draconian growth]
  6250 | D:4      | Noticed Duvessa
  6459 | D:4      | Noticed Dowan
  6844 | D:4      | Killed Duvessa
  6845 | D:4      | Reached skill level 6 in Transmutations
  6845 | D:4      | Reached skill level 5 in Poison Magic
  6849 | D:4      | Killed from afar by Dowan

Illustrated notes

Levels and vault maps discovered:
D:1:      lemuel_arrival_broad_hall, layout_loops_ring,
          hellmonk_ecumenical_altar_blasted
D:2:      layout_rooms, serial_bayou, serial_bayou_shore_a, serial_bayou_pond_d,
          serial_bayou_ford_a, serial_bayou_lagoon_a, serial_bayou_lagoon_b,
          serial_bayou_shore_b, minmay_3d_cube
D:3:      layout_loops_cross, mrwooster_statue_mirror, amethyst_killhole,
          uniq_natasha, uniq_sigmund, uniq_ijyb, uniq_crazy_yiuf_cottage,
          uniq_robin
D:4:      layout_loops_ring, mainiacjoe_overflow_catwalk,
          gammafunk_temple_overflow_wave, serial_shops,
          nicolae_shop_behind_doors, wad_floor_pattern_2, uniq_duvessa

Skill      XL: |  1  2  3  4  5  6  7 |
---------------+----------------------+-----
Transmutations | 3 4 5 6 |  6.0
Unarmed Combat | 4 |  4.3
Poison Magic   | 2 3 4 5 |  5.2
Fighting       | |  1.1
Dodging        | |  1.7
Spellcasting   | |  2.0

Action                   |  1- 3 |  4- 6 |  7- 9 || total
-------------------------+-------+-------+-------++-------
Melee: Unarmed           |   126 |   154 |    48 ||   328
       Headbutt          |    11 |    18 |     5 ||    34
       Tailslap          |    10 |    12 |     8 ||    30
       Kick              |    20 |    27 |    18 ||    65
Throw: Stone             |     6 |    20 |     5 ||    31
       Dart              |       |       |     3 ||     3
 Cast: Beastly Appendage |    27 |    31 |     5 ||    63
       Sting             |     1 |     7 |     2 ||    10
       Wereblood         |     1 |       |       ||     1
       Spider Form       |       |     1 |     1 ||     2
  Use: Potion            |       |       |     1 ||     1
 Stab: Sleeping          |     1 |       |       ||     1
Armor: Skin              |    38 |    38 |    10 ||    86
Dodge: Dodged            |    77 |    95 |    28 ||   200
